 Dungeon Crawl Stone Soup version 0.27.1-1-g398f81649c (webtiles) character file.

Game seed: 16729532721956262906

48 MajorAdolf the Skirmisher (level 3, -1/36 HPs)
             Began as a Naga Wanderer on Sept 8, 2021.
             Slain by a goblin (2 damage)
             ... led by Robin
             ... on level 2 of the Dungeon.
             The game lasted 00:03:33 (2090 turns).

MajorAdolf the Skirmisher (Naga Wanderer)           Turns: 2090, Time: 00:03:34

Health: -1/36      AC:  5    Str: 17    XL:     3   Next: 72%
Magic:  6/6        EV:  4    Int: 11    God:
Gold:   41         SH:  0    Dex:  9    Spells: 6/6 levels left

rFire    . . .     SeeInvis +   h - +0 mace (venom)
rCold    . . .     Faith    .   (no shield)
rNeg     . . .     Spirit   .   l - +0 chain mail
rPois    +         Reflect  .   (no helmet)
rElec    .         Harm     .   (no cloak)
rCorr    .         Rampage  .   (no gloves)
Will     .....                  (no barding)
Stlth    ..........             (no amulet)
HPRegen  0.12/turn              (no ring)
MPRegen  0.10/turn              (no ring)

@: weak-willed, very slow
A: AC +1, large, see invisible, deformed body, poison resistance, slowness 2,
spit poison 1, naga tail 1
a: Spit Poison


You were on level 2 of the Dungeon.
You visited 1 branch of the dungeon, and saw 2 of its levels.

You collected 41 gold pieces.

Inventory:

Hand Weapons
 a - a +0 dagger
 e - a +0 whip
 f - a +0 short sword
 h - a +0 mace of venom (weapon)
Missiles
 b - 8 poisoned darts
Armour
 c - a +0 robe
 i - a +0 ring mail
 l - a +0 chain mail (worn)


   Skills:
 + Level 4.2 Fighting
 - Level 1.0 Throwing
 + Level 0.5 Armour
 + Level 0.5 Dodging
 - Level 2.0 Unarmed Combat
 - Level 2.1 Spellcasting
 - Level 1.0 Conjurations
 - Level 1.0 Evocations


You had 6 spell levels left.
You didn't know any spells.
Your spell library contained the following spells:

 Spells                   Type           Power      Damage    Failure   Level
 Magic Dart               Conj           12%        1d3       98%         1
 Shock                    Conj/Air       8%         1d3       99%         1
 Blink                    Tloc           N/A        N/A       100%        2
 Call Imp                 Summ           1%         N/A       100%        2
 Slow                     Hex            1%         N/A       100%        2
 Conjure Flame            Conj/Fire      2%         6-21      100%        3
 Mephitic Cloud           Conj/Pois/Air  1%         N/A       100%        3
 Swiftness                Air            1%         N/A       100%        3


Dungeon Overview and Level Annotations

Branches:
Dungeon (2/15)

Altars:


Innate Abilities, Weirdness & Mutations

Your serpentine skin is tough. (AC +1)
You have supernaturally acute eyesight. (SInv)
Armour fits poorly on your strangely shaped body.
Your system is resistant to poisons. (rPois)
You cover ground very slowly.
You can spit poison.
You have a snake-like lower body.


Message History

The goblin is moderately wounded.
The goblin hits you with a +3 dagger. The goblin hits you with a +0 club.
As you read the scroll labelled XOESHI BOHASY, it crumbles to dust.
It is a scroll of brand weapon.
Your +0 mace drips with poison.
h - a +0 mace of venom (weapon)
The goblin hits you but does no damage. The goblin hits you with a +3 dagger.
The goblin hits you with a +0 club.
As you read the scroll labelled PYCUIF QAUSU, it crumbles to dust.
The scroll dissolves into smoke.
It was a scroll of fog.
The goblin hits you with a +0 club. The goblin hits you with a +3 dagger.
The goblin hits you but does no damage.
As you read the scroll labelled NOCKEU KYRIC, it crumbles to dust.
You speak a Word of immense power!
It was a scroll of holy word.
The goblin hits you but does no damage. The goblin hits you with a +3 dagger.
* * * LOW HITPOINT WARNING * * *
The goblin hits you but does no damage.
Unknown command.
As you read the scroll labelled YNATUA AMUYSI, it crumbles to dust.
Magic quickly surges around you.
It was a scroll of vulnerability.
The goblin hits you but does no damage. x3
Unknown command.
You aren't carrying any potions.
Unknown command.
You aren't carrying any potions.
You aren't carrying any items that you can evoke.
Unknown command.
You miss the goblin.
The goblin is moderately wounded.
The goblin hits you with a +0 club.
* * * LOW HITPOINT WARNING * * *
The goblin hits you with a +3 dagger.
* * * LOW HITPOINT WARNING * * *
The goblin hits you but does no damage. x2
You closely miss the goblin.
The goblin is moderately wounded.
The goblin hits you with a +3 dagger.
* * * LOW HITPOINT WARNING * * *
The goblin hits you with a +0 club.
You die...

+......................
#......##....#..####...
#......##.........####.
#......#####........###
###.......##...##.....#
#...................#
#.§§g§§...........###
#.§gg#..........####.
#.§g@#........####...
#.§§§#...............
#...§§§#............#..
#......#....†.....#....
#...####..........#....
#... #......g.#......
#... #........#......
#.. ........##.....
...............


You could see 4 goblins.

Vanquished Creatures
  Robin (D:2)
  6 bats (D:1)
  4 endoplasms (D:1)
  2 giant cockroaches (D:1)
  5 goblins
  3 hobgoblins
  6 kobolds (D:1)
  2 quokkas
  2 ball pythons
  A frilled lizard (D:1)
  5 rats
37 creatures vanquished.

Notes
Turn   | Place    | Note
-------+----------+-------------------------------------------
     0 | D:1      | MajorAdolf the Naga Wanderer began the quest for the Orb.
     0 | D:1      | MajorAdolf set off with the following items: a +0 dagger, 8
                  | poisoned darts, a +0 robe; and the following spells
                  | available to memorise: Magic Dart, Shock, Blink, Call Imp,
                  | Slow, Conjure Flame, Mephitic Cloud, Swiftness
     0 | D:1      | Reached XP level 1. HP: 21/21 MP: 3/3
   217 | D:1      | Reached XP level 2. HP: 28/28 MP: 5/5
   998 | D:1      | Found a faded altar of an unknown god.
  1156 | D:1      | Reached skill level 4 in Fighting
  1231 | D:1      | Reached XP level 3. HP: 29/36 MP: 6/6
  2065 | D:2      | Noticed Robin
  2078 | D:2      | Killed Robin
  2090 | D:2      | HP: 1/36 [goblin[Robin] (2)]
  2090 | D:2      | Slain by a goblin

Illustrated notes

Levels and vault maps discovered:
D:1:      dpeg_arrival_fog, layout_basic, basic_ecumenical_altar,
          minmay_misc_feat_alley
D:2:      layout_basic, minmay_misc_feat_x, kennysheep_generic_room_8,
          uniq_robin

Skill      XL: |  1  2 |
---------------+-------+-----
Fighting       | 4 |  4.2
Throwing       | |  1.0
Armour         | |  0.5
Dodging        | |  0.5
Unarmed Combat | |  2.0
Spellcasting   | |  2.1
Conjurations   | |  1.0
Evocations     | |  1.0

Action                   || total
-------------------------++-------
Melee: Whip              ||    21
       Short sword       ||    17
       Mace              ||    43
Throw: Dart              ||     1
 Abil: Spit Poison       ||    27
  Use: Scroll            ||     4
Armor: Robe              ||     8
       Chain mail        ||    15
       Ring mail         ||     6
Dodge: Dodged            ||    51
